 Dungeon Crawl Stone Soup version 0.29-a0-222-g5b244fca1f (webtiles) character file.

Game seed: 7747534643765544834

3581 tognito the Cleaver (level 9, 0/121 HPs)
             Began as a Minotaur Berserker on Feb 26, 2022.
             Was an Elder of Trog.
             Succumbed to a hornet's poison
             ... on level 7 of the Dungeon on Feb 27, 2022.
             The game lasted 00:18:01 (7391 turns).

tognito the Cleaver (Minotaur Berserker)            Turns: 7391, Time: 00:18:02

Health: 0/121      AC: 17    Str: 26    XL:     9   Next: 84%
Magic:  8/8        EV:  9    Int:  4    God:    Trog [****..]
Gold:   355        SH:  0    Dex: 10    Spells: 8/8 levels left

rFire   + . .      SeeInvis .   a - +0 war axe
rCold   . . .      Faith    .   (no shield)
rNeg    . . .      Spirit   .   d - +0 plate armour
rPois   .          Reflect  .   (helmet restricted)
rElec   .          Harm     .   (no cloak)
rCorr   .          Rampage  .   (no gloves)
Will    .....                   (no boots)
Stlth   ..........              (no amulet)
HPRegen 0.30/turn               f - +4 ring of protection
MPRegen 0.11/turn               c - ring of protection from fire

@: berserking (expiring), lethally poisoned (0 -> -7), slowed
A: horns 2, retaliatory headbutt
a: Renounce Religion, Berserk, Trog's Hand, Brothers in Arms


You were on level 7 of the Dungeon.
You worshipped Trog.
Trog was greatly pleased with you.
You visited 1 branch of the dungeon, and saw 8 of its levels.
You also visited: Sewer.

You collected 355 gold pieces.

Inventory:

Hand Weapons
 a - a +0 war axe (weapon)
Missiles
 h - 3 boomerangs (quivered)
 k - 5 silver boomerangs
 m - 18 poisoned darts
 q - 6 javelins
 u - a throwing net
Armour
 d - a +0 plate armour (worn)
 g - a +1 pair of boots of rampaging
Jewellery
 b - a ring of ice
 c - a ring of protection from fire (right hand)
 f - a +4 ring of protection (left hand)
 v - a ring of resist corrosion
 w - a ring of willpower
Wands
 t - a wand of digging (5)
 x - a wand of flame (5)
Scrolls
 e - 2 scrolls of summoning
 i - 7 scrolls of teleportation
 j - 2 scrolls of identify
 y - a scroll of fear
 z - a scroll of enchant armour
Potions
 n - 3 potions of heal wounds
 o - 2 potions of flight
 p - 3 potions of curing
 r - 3 potions of might


   Skills:
 + Level 7.8 Fighting
 * Level 10.5 Axes
 + Level 5.6 Throwing
 + Level 7.2 Armour
 + Level 6.6 Dodging


You had 8 spell levels left.
You didn't know any spells.
Your spell library was empty.

Dungeon Overview and Level Annotations

Branches:
Dungeon (8/15)             Temple (0/1) D:5           Sewer (visited)
   Lair: D:8-11

Altars:
Cheibriados
Gozag
Kikubaaqudgha
Ru
Trog
Wu Jian

Shops:
D:7 *


Innate Abilities, Weirdness & Mutations

You have a pair of horns on your head.
You reflexively headbutt those who attack you in melee.


Message History

The hornet is severely wounded.
You feel sick. The hornet stings you.
* * * LOW HITPOINT WARNING * * *
You feel as though you will be slow longer.
You hit the hornet.
The hornet is severely wounded.
You feel sick.
The hornet stings you but does no damage.
The hornet stings you.
* * * LOW HITPOINT WARNING * * *
You feel as though you will be slow longer.
You barely miss the hornet. Your headbutt misses the hornet.
The hornet is severely wounded.
You feel sick. The hornet stings you.
* * * LOW HITPOINT WARNING * * *
You feel as though you will be slow longer.
You miss the hornet.
The hornet is severely wounded.
You feel sick. The hornet stings you.
* * * LOW HITPOINT WARNING * * *
You feel as though you will be slow longer.
The hornet stings you.
* * * LOW HITPOINT WARNING * * *
You are lethally poisoned!
You feel as though you will be slow longer.
You slash the hornet!
You kill the hornet!
Trog accepts your kill.
* * * LOW HITPOINT WARNING * * *
You feel very sick.
Okay, then.
You don't know any spells.
* * * LOW HITPOINT WARNING * * *
You feel very sick.
You climb upwards.
You feel a strong urge to attack something.
* * * LOW HITPOINT WARNING * * *
You feel very sick.
There is a stone staircase leading down here.
You die...

####.....##.....#_##.....#
#........##.....#'#......#
#....∩............##.##.#######
#.......############.##.......#
#....).## #.########.# #....###
#.# #.# #....# #.# #.#
##....###############[# #.#
................@>....########.#
.#....##########..###..........#
.....## #####..# ##.#########
.###.# ### #......# #.#
.###.###.###......####.#
.##........#[..........#
###........###.#########
#........# #.# ######'### #.#


There were no monsters in sight!

Vanquished Creatures
  Pikel (D:5)
  A hornet (D:8)
  Eustachio (D:4)
  The ghost of ma3 the Skirmisher, an amateur MfBr (D:4)
  Duvessa (D:5)
  3 ice beasts
  A sky beast (D:7)
  4 black bears
  An orc warrior (D:7)
  2 ogres (D:7)
  2 centaurs
  2 necrophages
  A lemure (D:5)
  2 phantoms
  2 kobold brigands
  A bullfrog (D:7)
  A scorpion (D:5)
  Dowan (D:5)
  The ghost of Hasart the Covered, a weakling BaFi (D:3)
  A jelly (D:6)
  6 hounds
  2 iguanas (D:5)
  3 orc wizards
  Ijyb (D:4)
  10 adders
  4 gnolls (D:5)
  3 river rats
  2 white imps
  2 worms
  A dart slug (D:1)
  34 orcs
  11 ball pythons
  2 bats (D:1)
  10 endoplasms
  7 giant cockroaches
  5 goblins
  7 hobgoblins
  4 jackals
  14 kobolds
  5 quokkas
  5 frilled lizards
  9 rats
177 creatures vanquished.

Vanquished Creatures (others)
  6 plants (D:2)
6 creatures vanquished.

Grand Total: 183 creatures vanquished

Notes
Turn   | Place    | Note
-------+----------+-------------------------------------------
     0 | D:1      | tognito the Minotaur Berserker began the quest for the Orb.
     0 | D:1      | Reached XP level 1. HP: 19/19 MP: 0/0
   317 | D:1      | Reached XP level 2. HP: 23/27 MP: 1/1
   436 | D:1      | Reached skill level 4 in Axes
   945 | D:1      | Reached ** piety under Trog
  1169 | D:1      | Reached XP level 3. HP: 30/33 MP: 2/2
  1435 | D:2      | Reached skill level 1 in Throwing
  1445 | D:2      | Found a bloodstained altar of Trog.
  1982 | D:2      | Found a faded altar of an unknown god.
  2072 | D:3      | Noticed Hasart's ghost (weakling BaFi)
  2090 | D:3      | Reached XP level 4. HP: 40/40 MP: 3/3
  2432 | D:3      | Found a runed translucent gate.
  2432 | D:3      | Found a runed translucent gate.
  2432 | D:3      | Found a runed translucent gate.
  2623 | D:3      | Noticed a black bear
  2628 | D:3      | Killed a black bear
  2629 | D:3      | Reached skill level 5 in Axes
  2629 | D:3      | Reached XP level 5. HP: 47/47 MP: 4/4
  2778 | D:4      | Noticed Eustachio
  2781 | D:4      | Found a glowing drain.
  3185 | D:4      | Killed Eustachio
  3186 | D:4      | Reached XP level 6. HP: 55/55 MP: 5/5
  3199 | Sewer    | Entered a sewer
  3286 | Sewer    | Reached skill level 5 in Fighting
  3297 | Sewer    | Reached skill level 6 in Axes
  3429 | Sewer    | Found a white marble altar of Elyvilon.
  3515 | D:4      | Found an ancient bone altar of Kikubaaqudgha.
  3573 | D:4      | Found a runed translucent door.
  3573 | D:4      | Noticed ma3's ghost (amateur MfBr)
  3666 | D:4      | Found a sacrificial altar of Ru.
  3727 | D:4      | Reached XP level 7. HP: 61/61 MP: 6/6
  3825 | D:4      | Reached *** piety under Trog
  3954 | D:4      | Found an ornate altar of the Wu Jian Council.
  3996 | D:4      | Noticed Ijyb
  4004 | D:4      | Killed Ijyb
  4098 | D:4      | Found an opulent altar of Gozag.
  4160 | D:5      | Entered Level 5 of the Dungeon
  4428 | D:5      | Reached skill level 7 in Axes
  4484 | D:5      | Noticed Pikel
  4505 | D:5      | Killed Pikel
  4506 | D:5      | Reached skill level 5 in Armour
  4506 | D:5      | Reached skill level 5 in Dodging
  4506 | D:5      | Reached XP level 8. HP: 70/70 MP: 7/7
  4575 | D:5      | Reached skill level 8 in Axes
  4646 | D:5      | Noticed Dowan
  4649 | D:5      | Noticed Duvessa
  4665 | D:5      | Killed Duvessa
  4678 | D:5      | Killed Dowan
  5435 | D:6      | Reached skill level 9 in Axes
  5435 | D:6      | Reached XP level 9. HP: 78/78 MP: 8/8
  5607 | D:6      | Reached **** piety under Trog
  5933 | D:5      | Upgraded the game from 0.29-a0-221-gceb61267dd to
                  | 0.29-a0-222-g5b244fca1f
  6000 | D:5      | Found a staircase to the Ecumenical Temple.
  6087 | D:4      | Killed ma3's ghost
  6177 | D:3      | Killed Hasart's ghost
  6408 | D:7      | Reached skill level 5 in Throwing
  6566 | D:7      | Reached skill level 10 in Axes
  6691 | D:7      | Found Suagg's Superlative Supplies.
  7051 | D:7      | Identified the +8 rapier "Plog" {vorpal, rC++}
  7328 | D:7      | Found a snail-covered altar of Cheibriados.
  7368 | D:8      | Paralysed by a hornet for 3 turns
  7375 | D:8      | Paralysed by a hornet for 2 turns
  7388 | D:8      | HP: 6/120 [poisoned by a hornet]
  7390 | D:7      | HP: 1/121 [poisoned by a hornet]
  7391 | D:7      | Succumbed to a hornet's poison

Illustrated notes

Levels and vault maps discovered:
D:1:      lightli_arrival_noodles, layout_basic, hex_large
D:2:      layout_basic, basic_altar, dilly_ecumenical_altar_fadedgnrine
D:3:      minmay_chambers_of_twos, layout_rooms, gammafunk_ghost_split,
          minmay_misc_feat_doors
D:4:      layout_rooms, general_overflow_altar, mainiacjoe_overflow_swirl,
          old_standard_altar, portal_sewer_entry_a,
          hellmonk_ghost_happy_afterlife, grunt_ministairs_1,
          minmay_fractal_squares_gapless_5, uniq_ijyb, uniq_eustachio
D:5:      layout_loops_cross, minmay_temple_entry_from_below_b,
          hangedman_decor_riveting, uniq_pikel, uniq_duvessa
D:6:      layout_cave_pools
D:7:      layout_basic, kennysheep_mini, nicolae_alphabet_shops
D:8:      layout_rooms, ashenzari_altar_1, enter_ossuary_5

Skill      XL: |  1  2  3  4  5  6  7  8  9 |
---------------+----------------------------+-----
Axes           | 4 5 6 7 9 10 | 10.5
Throwing       | 1 2 3 4 5 |  5.6
Fighting       | 4 5 6 7 |  7.8
Armour         | 3 4 5 6 7 |  7.2
Dodging        | 3 5 6 |  6.6

Action                   |  1- 3 |  4- 6 |  7- 9 || total
-------------------------+-------+-------+-------++-------
Melee: Hand axe          |    97 |   124 |   190 ||   411
       Headbutt          |    16 |    12 |    54 ||    82
       Punch             |       |       |     5 ||     5
       War axe           |       |       |    96 ||    96
Throw: Boomerang         |       |     2 |     7 ||     9
       Dart              |       |       |    22 ||    22
Invok: Berserk           |       |     3 |     5 ||     8
  Use: Potion            |     6 |     2 |     3 ||    11
       Scroll            |       |       |     7 ||     7
 Stab: Sleeping          |     1 |       |       ||     1
Armor: Animal skin       |    18 |       |       ||    18
       Ring mail         |     3 |    22 |       ||    25
       Scale mail        |       |    48 |   111 ||   159
       Plate armour      |       |       |    31 ||    31
Dodge: Dodged            |    55 |    96 |   149 ||   300

Table legend: (Time is in decaauts)
 A = Elapsed time spent in this place.
 B = Non-inter-level travel time spent in this place.
 C = Inter-level travel time spent in this place.
 D = Time resting spent in this place.
 E = Time spent auto-exploring this place.
 F = Levels seen in this place.
 G = Mean time per level.
                   A        B        C        D        E       F      G
               +--------+--------+--------+--------+--------+-----+--------+
         Total |   7473 |   6958 |    515 |     37 |   5592 |   9 |  830.3 |
       Dungeon |   7175 |   6660 |    515 |     37 |   5357 |   8 |  896.9 |
         Sewer |    297 |    297 |      0 |      0 |    235 |   1 |  297.0 |
               +--------+--------+--------+--------+--------+-----+--------+

Top non-repeatable levels by time:
     D:1: 1415 daAuts
     D:3: 1304 daAuts
     D:5: 1179 daAuts
     D:7: 976 daAuts
     D:4: 858 daAuts
     D:6: 781 daAuts
     D:2: 632 daAuts
   Sewer: 297 daAuts
     D:8: 28 daAuts
